 Dungeon Crawl Stone Soup version 0.14-a0-1637-gd423c14 (webtiles) character file.

115 HollowCharge the Cudgeler (level 3, -4/37 HPs)
             Began as an Ogre Gladiator on Dec 26, 2013.
             Killed from afar by Satan Claus (13 damage)
             ... with a snowball
             ... on Level 2 of the Dungeon.
             The game lasted 00:06:48 (1411 turns).

HollowCharge the Cudgeler (Ogre Gladiator)          Turns: 1411, Time: 00:06:48

HP  -4/37        AC  3     Str 23      XL: 3   Next: 70%
MP   3/3         EV 10     Int  7      God:
Gold 68          SH  0     Dex 10      Spells:  0 memorised,  2 levels left

rFire  . . .     SeeInvis .     t - +0,+1 whip
rCold  . . .     Clarity  .     l - +0 robe
rNeg   . . .     Conserve .     (shield restricted)
rPois  .         rCorr    .     c - +0 cap
rElec  .         rRot     .     (no cloak)
SustAb . .       Spirit   .     (gloves unavailable)
rMut   .         Warding  .     (boots unavailable)
Gourm  +         Stasis   .     q - amulet of the gourmand
                                u - cursed +2 ring of strength
                                k - ring of wizardry

@: slightly resistant to hostile enchantments, unstealthy
A: unfitting armour, fast metabolism 1, saprovore 1, tough skin 1
a: no special abilities


You were on level 2 of the Dungeon.
You were very full.

You visited 1 branch of the dungeon, and saw 2 of its levels.

You collected 68 gold pieces.

Inventory:

Hand weapons
 a - a +0,+0 mace
 t - a +0,+1 whip (weapon)
Missiles
 d - a throwing net [falling apart] (quivered)
 y - a throwing net [frayed]
Armour
 c - a +0 cap (worn)
 l - a +0 robe (worn)
Comestibles
 f - 3 meat rations
 g - a choko
 h - 2 bread rations
 i - 10 strawberries
 z - a pear
Scrolls
 j - 2 scrolls of identify {unknown}
 m - a scroll of enchant weapon I {unknown}
 n - a scroll of curse jewellery {unknown}
 s - a scroll of teleportation {unknown}
 v - a scroll of amnesia {unknown}
 x - a scroll of remove curse {unknown}
Jewellery
 e - an uncursed amulet of conservation {unknown}
 k - a ring of wizardry (left hand)
 q - an amulet of the gourmand (around neck)
 u - a cursed +2 ring of strength (right hand)
 D - an uncursed ring of fire {unknown}
Potions
 o - a potion of heal wounds {unknown}
 p - a potion of might {unknown}


   Skills:
 + Level 3.5 Fighting
 + Level 4.9 Maces & Flails
 - Level 2.1 Throwing
 + Level 3.2 Dodging


You had 2 spell levels left.
You didn't know any spells.

Dungeon Overview and Level Annotations

Branches:
Dungeon (2/16)

Altars:

Annotations:
D:2 Satan Claus


Innate Abilities, Weirdness & Mutations

You are too large for most types of armour.
You have a fast metabolism.
You can tolerate rotten meat.
You have tough skin (AC +1).


Message History

Satan Claus throws a snowball at you. The snowball misses you.
Found a scroll labeled VEOSYGGUABE.
Satan Claus casts a spell at you. You resist.
Satan Claus conjures a ball of snow at you.
The snowball misses you.
Found a stone staircase leading down.
Satan Claus conjures a ball of snow at you.
The snowball hits you!
Your murky orange potion freezes and shatters!
Found a bread ration.
Satan Claus throws a snowball at you. The snowball hits you!
Your pink potion freezes and shatters!
Satan Claus throws a snowball at you. The snowball hits you!
* * * LOW HITPOINT WARNING * * *
Satan Claus conjures a ball of snow at you.
The snowball hits you!
You die...

###.#.####.###.#.......# #
..)......[.....#.#####.#
########
.##.#..###.#####.#####.#
#......# ###.#..###.# #.##....#
#.####.# ....#......# #.##.##.#
#.##....
#####...########.##.##.#
#....... #...#
#..........###.##.#.. #...#
#.####..##........... #.))#
#...@......###.#####.
#...#####.%#...#.#.# #.#####.
#......%...#...#.#.###..)....
####...#####%...............####
#.....h....%..#...#.#.......# #
#.................#.........# #
#...........................# #
####...#####.##@#.####..... #
#.<.. ...##.#...


You could see Satan Claus.

Vanquished Creatures
  2 adders (D:2)
  A giant gecko (D:2)
  3 bats
  A goblin (D:2)
  6 hobgoblins
  4 jackals (D:2)
  A quokka (D:2)
  2 giant cockroaches (D:1)
  A giant newt (D:1)
  4 kobolds
  4 rats
29 creatures vanquished.

Notes
Turn   | Place    | Note
--------------------------------------------------------------
     0 | D:1      | HollowCharge, the Ogre Gladiator, began the quest for the Orb.
     0 | D:1      | Reached XP level 1. HP: 22/22 MP: 1/1
   249 | D:1      | Reached XP level 2. HP: 25/29 MP: 2/2
   989 | D:2      | Reached XP level 3. HP: 37/37 MP: 3/3
  1384 | D:2      | Noticed Satan Claus
  1411 | D:2      | Killed from afar by Satan Claus

Action                   || total
-------------------------++-------
Melee: Mace              ||    30
       Whip              ||    92
Throw: Throwing net      ||     4
 Stab: Held in net/web   ||     3
